 Dungeon Crawl Stone Soup version 0.23-a0-208-gb6b040f (webtiles) character file.

218 grindst0ne the Skirmisher (level 5, -1/47 HPs)
             Began as a Mummy Fighter on Sept 25, 2018.
             Slain by a wraith (7 damage)
             ... in an ossuary.
             The game lasted 00:04:57 (3526 turns).

grindst0ne the Skirmisher (Mummy Fighter)           Turns: 3526, Time: 00:04:58

Health: -1/47      AC:  9    Str: 19    XL:     5   Next: 63%
Magic:  5/5        EV:  4    Int:  7    God:
Gold:   227        SH: 11    Dex: 13    Spells: 4/4 levels left

rFire    x . .     SeeInvis .   a - +0 war axe
rCold    + . .     Gourm    .   c - +2 shield
rNeg     + + +     Faith    .   k - +0 chain mail
rPois    ∞         Spirit   .   (no helmet)
rElec    .         Reflect  .   (no cloak)
rCorr    .         Harm     .   (no gloves)
MR       .....                  e - +0 pair of boots
Stlth    ..........             (no amulet)
HPRegen  0.15/turn              (no ring)
MPRegen  0.09/turn              (no ring)

@: slowed, very slow
A: no food or potions, fire vulnerability, cold resistance 1, negative energy
resistance 3, torment resistance, unbreathing
a: no special abilities


You were in an ossuary.
You were not hungry.

You visited 1 branch of the dungeon, and saw 4 of its levels.
You also visited: Ossuary.

You collected 227 gold pieces.

Inventory:

Hand Weapons
 a - a +0 war axe (weapon)
Armour
 b - a +0 scale mail
 c - a +2 shield (worn)
 e - a +0 pair of boots (worn)
 k - a +0 chain mail (worn)
Scrolls
 d - a scroll of remove curse
 g - a scroll of random uselessness
 h - 2 scrolls of teleportation
 i - 2 scrolls of identify {unknown}
 j - 2 scrolls of noise {unknown}
 l - a scroll of silence {unknown}


   Skills:
 + Level 6.4 Fighting
 - Level 1.5 Axes
 - Level 2.4 Armour
 - Level 2.4 Shields


You had 4 spell levels left.
You didn't know any spells.
Your spell library was empty.

Dungeon Overview and Level Annotations

Branches:
Dungeon (4/15)
 Temple: D:4-7

Altars:
Hepliaklqana
Trog


Innate Abilities, Weirdness & Mutations

You do not eat or drink.
Your flesh is vulnerable to fire.
You are immune to poison.
Your flesh is cold resistant. (rC+)
You are immune to negative energy. (rN+++)
You are immune to unholy pain and torment.
You can survive without breathing.


Message History

The wraith is lightly damaged.
The wraith hits you. The wraith drains your vigour!
You feel as though you will be slow longer.
You block the wraith's attack.
You closely miss the wraith.
The wraith is lightly damaged.
The wraith hits you. The wraith drains your vigour!
You feel as though you will be slow longer.
The wraith hits you.
* * * LOW HITPOINT WARNING * * *
The wraith drains your vigour!
You feel as though you will be slow longer.
Your shield and chain mail prevent you from hitting the wraith.
The wraith is lightly damaged.
The wraith hits you.
* * * LOW HITPOINT WARNING * * *
The wraith drains your vigour!
You feel as though you will be slow longer.
The wraith hits you!
You die...

###########################
#.........................#
#.∩.....................∩.#
#.......#####'#####.......#
#......##..@......##......#
#.....##..W#####...##.....#
#....##...##...##...##....#
#....#...##.?!?.##...#....#
#....+... ..?!!?.# ..+....#
#....#... #..?..## .#....#
#....##.. ##...##. ##....#
#.....##. #####.. ##.....#
#......## ..##......#


You could see a wraith.

Vanquished Creatures
  A scorpion (D:4)
  2 hounds (D:2)
  A mummy (Ossuary)
  A gnoll (D:1)
  An adder (D:3)
  4 dart slugs
  2 leopard geckos
  A giant cockroach (D:3)
  4 hobgoblins
  7 jackals (D:1)
  6 bats
  2 frilled lizards
  5 gnoll skeletons (Ossuary)
  12 goblins
  3 kobolds
  7 kobold skeletons (Ossuary)
  13 orc skeletons (Ossuary)
  4 rats
76 creatures vanquished.

Notes
Turn   | Place    | Note
-------+----------+-------------------------------------------
     0 | D:1      | grindst0ne the Mummy Fighter began the quest for the Orb.
     0 | D:1      | Reached XP level 1. HP: 18/18 MP: 1/1
   227 | D:1      | Reached XP level 2. HP: 11/24 MP: 2/2
   242 | D:1      | Reached skill level 4 in Fighting
   591 | D:1      | Reached XP level 3. HP: 25/30 MP: 3/3
  1388 | D:2      | Found a hazy altar of Hepliaklqana.
  1389 | D:2      | Found a transporter.
  1399 | D:2      | Found a transporter.
  1437 | D:2      | Reached skill level 5 in Fighting
  1437 | D:2      | Reached XP level 4. HP: 8/39 MP: 4/4
  1442 | D:2      | HP: 1/39 [hound (3)]
  2180 | D:3      | Found a bloodstained altar of Trog.
  2759 | D:3      | Found a faded altar of an unknown god.
  2796 | D:3      | Reached XP level 5. HP: 46/46 MP: 5/5
  3070 | D:4      | Reached skill level 6 in Fighting
  3085 | D:4      | Noticed an ogre
  3297 | D:4      | Found a sand-covered staircase.
  3346 | Ossuary  | Entered an ossuary
  3346 | Ossuary  | Noticed a wraith
  3346 | Ossuary  | Noticed a wraith
  3346 | Ossuary  | Noticed a wraith
  3510 | Ossuary  | Noticed a wraith
  3526 | Ossuary  | Slain by a wraith

Vault maps used:
D:1:      lightli_arrival_noodles, hangedman_feature_mirror
D:2:      gammafunk_temple_overflow_arena
D:3:      nicolae_overflow_crystal_walls, chequers_ecumenical_altar_simple,
          minmay_misc_feat_rugged
D:4:      minmay_temple_entry_poolview, first_ration, nicolae_ossuary_entry_plus
Ossuary:  ossuary_due_mausoleum

Skill      XL: |  1  2  3  4  5 |
---------------+----------------+-----
Fighting       | 4 5 6 |  6.4
Axes           | |  1.5
Armour         | |  2.4
Shields        | |  2.4

Action                   |  1- 3 |  4- 6 || total
-------------------------+-------+-------++-------
Melee: War axe           |   104 |   109 ||   213
  Use: Scroll            |       |     5 ||     5
Armor: Scale mail        |    92 |     7 ||    99
       Chain mail        |       |    49 ||    49
Dodge: Dodged            |    43 |    21 ||    64
Block: Shield            |    69 |    52 ||   121

Table legend:
 A = Non-vault XP
 B = Vault XP
 C = Vault XP percentage of total XP
 D = Non-vault monster count
 E = Vault monster count
 F = Vault count percentage of total count
                 A         B        C        D         E       F
            +---------+---------+-------+---------+---------+-------
      Total |     165 |     147 |  47.1 |      40 |      36 |  47.4
            +---------+---------+-------+---------+---------+-------
        D:1 |      45 |      15 |  25.0 |      20 |       6 |  23.1
        D:2 |      15 |      89 |  85.6 |       8 |       4 |  33.3
        D:3 |      33 |       0 |   0.0 |      11 |       0 |   0.0
        D:4 |      72 |       0 |   0.0 |       1 |       0 |   0.0
    Ossuary |       0 |      43 | 100.0 |       0 |      26 | 100.0
            +---------+---------+-------+---------+---------+-------
